 Dungeon Crawl Stone Soup version 0.23-a0-539-g3f6f39f (webtiles) character file.

865 MrSlowpoke the Shield-Bearer (level 7, -1/61 HPs)
             Began as a Minotaur Fighter on Dec 7, 2018.
             Slain by an orc warrior
             ... wielding a +0 long sword
              (15 damage)
             ... on level 6 of the Dungeon.
             The game lasted 00:32:15 (3022 turns).

MrSlowpoke the Shield-Bearer (Minotaur Fighter)     Turns: 3022, Time: 00:32:15

Health: -1/61      AC: 12    Str: 23    XL:     7   Next: 72%
Magic:  6/6        EV: 10    Int:  5    God:
Gold:   189        SH: 10    Dex:  9    Spells: 6/6 levels left

rFire    . . .     SeeInvis .   u - +2 flail (protect)
rCold    . . .     Gourm    .   c - +0 shield
rNeg     . . .     Faith    .   x - +4 ring mail
rPois    .         Spirit   .   (helmet restricted)
rElec    .         Reflect  .   (no cloak)
rCorr    .         Harm     .   q - +0 pair of gloves
MR       .....                  s - +0 pair of boots
Stlth    ..........             (no amulet)
HPRegen  0.20/turn              (no ring)
MPRegen  0.10/turn              (no ring)

@: very slightly contaminated
A: retaliatory headbutt, horns 2
a: no special abilities


You were on level 6 of the Dungeon.
You were not hungry.

You visited 2 branches of the dungeon, and saw 7 of its levels.

You collected 189 gold pieces.

Inventory:

Hand Weapons
 a - a +0 long sword
 u - a +2 flail of protection (weapon)
 A - the cursed +0 hand axe "Beetlebane" {speed, rElec Str+4, unknown}
   (You found it on level 6 of the Dungeon)

   Attacks with this weapon are significantly faster.
   It affects your strength (+4).
   It insulates you from electricity.
   It has a curse placed upon it.
Missiles
 b - 7 javelins
 g - 5 javelins of penetration (quivered)
 j - 4 silver javelins
Armour
 c - a +0 shield (worn)
 q - a +0 pair of gloves (worn)
 s - a +0 pair of boots (worn)
 x - a +4 ring mail (worn)
 y - a +2 pair of boots
Jewellery
 z - an uncursed ring of wizardry {unknown}
Wands
 n - a wand of polymorph (12)
Scrolls
 i - a scroll of immolation
 k - a scroll of fog {unknown}
 l - 2 scrolls of remove curse {unknown}
 m - a scroll of amnesia {unknown}
 p - a scroll of magic mapping {unknown}
 t - a scroll of summoning {unknown}
Potions
 d - a potion of might
 e - a potion of heal wounds {unknown}
 h - a potion of magic {unknown}
 r - 2 potions of brilliance {unknown}
 v - 2 potions of curing {unknown}
 w - a potion of agility {unknown}
Comestibles
 f - 5 rations


   Skills:
 + Level 5.3 Fighting
 + Level 4.7 Long Blades
 + Level 4.1 Maces & Flails
 + Level 0.3 Throwing
 + Level 5.7 Armour
 + Level 2.8 Dodging
 + Level 0.2 Stealth
 + Level 6.1 Shields


You had 6 spell levels left.
You didn't know any spells.
Your spell library contained the following spells:

 Spells                   Type           Power        Failure   Level  Hunger
 Blink                    Tloc           N/A          98%         2    ###....
 Shroud of Golubria       Chrm/Tloc      #.........   98%         2    ###....
 Gell's Gravitas          Tloc           #.........   100%        3    ####...
 Lesser Beckoning         Tloc           #.........   100%        3    ####...
 Teleport Other           Tloc           #.......     100%        3    ####...
 Passage of Golubria      Tloc           N/A          100%        4    #####..


Dungeon Overview and Level Annotations

Branches:
Dungeon (6/15)             Temple (1/1) D:4

Altars:
Dithmenos
Elyvilon
Fedhas
Makhleb
Qazlal
Ru
Wu Jian
Xom
The Shining One

Portals:
Ossuary: D:6


Innate Abilities, Weirdness & Mutations

You reflexively headbutt those who attack you in melee.
You have a pair of horns on your head.


Message History

The orc barely misses you.
The orc warrior hits you with a +0 long sword.
* * * LOW HITPOINT WARNING * * *
You block the orc's attack.
You hit the orc warrior but do no damage.
You headbutt the orc warrior, but do no damage.
The orc warrior is almost dead.
The orc warrior hits you with a +0 long sword.
* * * LOW HITPOINT WARNING * * *
You block the orc's attack.
Blink to where?
Press: ? - help, Dir - move target cursor You are very lightly contaminated with residual magic.
As you read the scroll of blinking, it crumbles to dust.
Found 12 gold pieces.
Found a stone staircase leading down.
You see here 12 gold pieces.
You closely miss the orc warrior.
The orc warrior is almost dead.
The orc warrior hits you with a +0 long sword!
You die...

#....#..
#.o..##.#
.# #..oo#
.# .#
##+#o# ..
.# #o# #.
.# #.#
#.#.# #.#
...# #.#
#..#
#.####@.#
#..o.o$>#
#########


You could see 2 orc warriors.

Vanquished Creatures
  Duvessa (D:4)
  Purgy (D:4)
  A phantom (D:5)
  An ogre (D:6)
  A big kobold (D:5)
  Dowan (D:4)
  A scorpion (D:6)
  2 crimson imps (D:5)
  A jelly (D:5)
  A quasit (D:5)
  2 orc priests (D:4)
  2 iguanas
  A worker ant (D:5)
  2 oozes (D:2)
  A worm (D:3)
  2 leopard geckos
  4 orcs
  3 goblins
  8 hobgoblins
  4 jackals (D:4)
  2 quokkas
  4 bats
  5 frilled lizards
  5 kobolds
  4 rats
60 creatures vanquished.

Vanquished Creatures (others)
  A centaur (D:5)
  A bullfrog (D:5)
  An orc (D:5)
3 creatures vanquished.

Grand Total: 63 creatures vanquished

Notes
Turn   | Place    | Note
-------+----------+-------------------------------------------
     0 | D:1      | MrSlowpoke the Minotaur Fighter began the quest for the
                  | Orb.
     0 | D:1      | Reached XP level 1. HP: 19/19 MP: 0/0
   152 | D:1      | Reached XP level 2. HP: 23/27 MP: 1/1
   330 | D:2      | Reached skill level 4 in Shields
   412 | D:3      | Reached XP level 3. HP: 24/33 MP: 2/2
   728 | D:3      | Found a stormy altar of Qazlal.
   948 | D:4      | Noticed a scorpion
   990 | D:4      | Noticed Purgy
  1028 | D:4      | Killed Purgy
  1028 | D:4      | Reached skill level 1 in Dodging
  1028 | D:4      | Reached XP level 4. HP: 27/41 MP: 3/3
  1028 | D:4      | Reached XP level 5. HP: 31/47 MP: 4/4
  1172 | D:4      | Reached skill level 5 in Shields
  1272 | D:4      | Noticed Duvessa
  1272 | D:4      | Noticed Dowan
  1297 | D:4      | Killed Duvessa
  1297 | D:4      | Reached XP level 6. HP: 29/53 MP: 5/5
  1302 | D:4      | Killed Dowan
  1302 | D:4      | Reached skill level 1 in Maces & Flails
  1724 | D:4      | Found a staircase to the Ecumenical Temple.
  1738 | Temple   | Entered the Ecumenical Temple
  2295 | D:5      | Entered Level 5 of the Dungeon
  2303 | D:5      | Reached skill level 5 in Armour
  2411 | D:5      | Found a burning altar of Makhleb.
  2520 | D:5      | Reached XP level 7. HP: 54/60 MP: 6/6
  2527 | D:5      | Reached skill level 5 in Fighting
  2691 | D:5      | Found a shimmering altar of Xom.
  2843 | D:6      | Found a sand-covered staircase.
  2879 | D:6      | Got a scorched hand axe
  2930 | D:6      | Reached skill level 6 in Shields
  3022 | D:6      | Slain by an orc warrior

Vault maps used:
D:1:      minmay_arrival_cross, minmay_tiny_reverse_x
D:2:      nicolae_gozag_cash_rules_everything_around_me, old_standard_altar,
          first_ration
D:3:      grunt_qazlal_clouds, lemuel_coloured_pillars_altar,
          nemelex_lonely_heart_becter
D:4:      temple_pool_b, uniq_purgy, uniq_duvessa
D:5:      makhleb_grotto_becter, xom_confusion_cloud
D:6:      kennysheep_little_box, enter_ossuary_2, uniq_menkaure
Temple:   minmay_temple_curvy_loop

Skill      XL: |  1  2  3  4  5  6  7 |
---------------+----------------------+-----
Shields        | 4 5 6 |  6.1
Fighting       | 4 5 |  5.3
Armour         | 4 5 |  5.7
Long Blades    | 3 4 |  4.7
Dodging        | 1 2 |  2.8
Maces & Flails | 2 4 |  4.1
Throwing       | |  0.3
Stealth        | |  0.2

Action                   |  1- 3 |  4- 6 |  7- 9 || total
-------------------------+-------+-------+-------++-------
Melee: Long sword        |   102 |    11 |       ||   113
       Headbutt          |    10 |    15 |     7 ||    32
       Flail             |       |    53 |    43 ||    96
Throw: Javelin           |       |       |     4 ||     4
  Use: Potion            |     1 |     1 |       ||     2
       Scroll            |       |     4 |     1 ||     5
  Eat: Ration            |     1 |     2 |       ||     3
Armor: Scale mail        |    67 |    27 |       ||    94
       Ring mail         |       |    11 |    24 ||    35
Dodge: Dodged            |    41 |    25 |    11 ||    77
Block: Shield            |    78 |    41 |    22 ||   141
       Rpst.: Long sword |    11 |       |       ||    11

Table legend:
 A = Non-vault XP
 B = Vault XP
 C = Vault XP percentage of total XP
 D = Non-vault monster count
 E = Vault monster count
 F = Vault count percentage of total count
                 A         B        C        D         E       F
            +---------+---------+-------+---------+---------+-------
      Total |     564 |     672 |  54.4 |      50 |      10 |  16.7
            +---------+---------+-------+---------+---------+-------
        D:1 |      10 |       3 |  23.1 |       7 |       2 |  22.2
        D:2 |      26 |       0 |   0.0 |       9 |       0 |   0.0
        D:3 |      25 |       0 |   0.0 |      13 |       0 |   0.0
        D:4 |     103 |     352 |  77.4 |      10 |       3 |  23.1
        D:5 |     178 |     317 |  64.0 |       6 |       5 |  45.5
        D:6 |     222 |       0 |   0.0 |       5 |       0 |   0.0
            +---------+---------+-------+---------+---------+-------
